 Dungeon Crawl Stone Soup version 0.23.2-33-g5129a83184 (webtiles) character file.

Game seed: 8060566626536864722

353 Derp the Chopper (level 6, 0/56 HPs)
             Began as a Minotaur Abyssal Knight on July 14, 2019.
             Was a Priest of Lugonu.
             Succumbed to Dowan's poison
             ... on level 4 of the Dungeon.
             The game lasted 00:07:11 (1822 turns).

Derp the Chopper (Minotaur Abyssal Knight)          Turns: 1822, Time: 00:07:12

Health: 0/56       AC: 14    Str: 18    XL:     6   Next: 35%
Magic:  6/6        EV:  5    Int:  9    God:    Lugonu [***...]
Gold:   155        SH:  0    Dex: 10    Spells: 5/5 levels left

rFire    . . .     SeeInvis .   a - +1 hand axe
rCold    . . .     Gourm    .   (no shield)
rNeg     . . .     Faith    .   e - +0 plate armour
rPois    .         Spirit   .   (helmet restricted)
rElec    .         Reflect  .   (no cloak)
rCorr    .         Harm     .   f - +2 pair of gloves
MR       .....                  (no boots)
Stlth    ..........             (no amulet)
HPRegen  0.18/turn              (no ring)
MPRegen  0.10/turn              (no ring)

@: lethally poisoned (0 -> -2)
A: retaliatory headbutt, horns 2
a: Depart the Abyss, Bend Space, Banish, Renounce Religion


You were on level 4 of the Dungeon.
You worshipped Lugonu.
Lugonu was most pleased with you.
You were not hungry.

You visited 1 branch of the dungeon, and saw 4 of its levels.
You visited the Abyss 1 time.

You collected 155 gold pieces.

Inventory:

Hand Weapons
 a - a +1 hand axe (weapon)
Armour
 b - a +0 leather armour
 e - a +0 plate armour (worn)
 f - a +2 pair of gloves (worn)
Jewellery
 h - a +5 ring of evasion {unknown}
Scrolls
 d - 4 scrolls of remove curse
 i - 3 scrolls of teleportation {unknown}
 j - 3 scrolls of identify {unknown}
 m - a scroll of fear {unknown}
 n - 2 scrolls of fog {unknown}
 p - a scroll of blinking {unknown}
Potions
 g - 2 potions of heal wounds {unknown}
 k - a potion of brilliance {unknown}
 l - a potion of haste {unknown}
 o - a potion of might {unknown}
 q - a potion of magic {unknown}
Comestibles
 c - 7 rations


   Skills:
 + Level 5.0 Fighting
 + Level 6.2 Axes
 + Level 4.0 Armour
 + Level 1.1 Dodging
 + Level 2.4 Invocations


You had 5 spell levels left.
You didn't know any spells.
Your spell library was empty.

Dungeon Overview and Level Annotations

Branches:
Dungeon (4/15)
 Temple: D:4-7

Altars:
The Shining One

Annotations:
D:4 Duvessa


Innate Abilities, Weirdness & Mutations

You reflexively headbutt those who attack you in melee.
You have a pair of horns on your head.


Message History

An orc comes into view. It is wielding a +0 dagger.
The orc moves out of view.
You feel sick. Duvessa hits you with a +0 short sword!
* * * LOW HITPOINT WARNING * * *
Duvessa hits you with a +0 short sword.
* * * LOW HITPOINT WARNING * * *
Duvessa hits you with a +0 short sword!
* * * LOW HITPOINT WARNING * * *
The phantom hits you but does no damage.
You feel sick.
The phantom hits you but does no damage.
Duvessa hits you but does no damage.
You hear a shout!
You feel sick. Duvessa hits you with a +0 short sword.
* * * LOW HITPOINT WARNING * * *
The phantom blinks!
You hear a shout!
Items here: ! ) [ † a +2 dagger of venom; a +0 robe; an orange potion; the elf corpse of Dowan You die...

o..#.##.## .#
..o......# .. .#.
#..####. .. #..##..
#.####..##.# #
##+#..W....##.##.#
##...#####...e....#
##.....##
#####)####
##...<...## ##@.#
#.........####...##
+.....>...'.......#
#.........####...##
##.......## ##..#
##.....## ##..#
##...## ##.# ##+##
.# .#


There were no monsters in sight!

Vanquished Creatures
  A black bear (D:3)
  Dowan (D:4)
  An orc wizard (D:3)
  A centaur skeleton (D:3)
  A worker ant (D:4)
  2 adders (D:2)
  2 oozes
  A worm (D:2)
  4 dart slugs
  3 leopard geckos
  7 orcs (D:3)
  6 bats
  7 giant cockroaches
  7 goblins
  7 hobgoblins
  15 jackals
  A quokka (D:2)
  A frilled lizard (D:3)
  9 kobolds
  9 rats
86 creatures vanquished.

Notes
Turn   | Place    | Note
-------+----------+-------------------------------------------
     0 | Abyss:1  | Derp the Minotaur Abyssal Knight began the quest for the
                  | Orb.
     0 | Abyss:1  | Reached XP level 1. HP: 19/19 MP: 1/1
   137 | Abyss:1  | Noticed an ancient zyme
   174 | Abyss:1  | Noticed a small abomination
   179 | D:1      | Escaped the Abyss
   192 | D:1      | Reached * piety under Lugonu
   194 | D:1      | Reached XP level 2. HP: 24/27 MP: 2/2
   278 | D:1      | Reached XP level 3. HP: 24/34 MP: 3/3
   301 | D:1      | Reached ** piety under Lugonu
   424 | D:1      | Reached skill level 3 in Axes
   582 | D:1      | Found a glowing golden altar of the Shining One.
  1009 | D:2      | Reached XP level 4. HP: 37/41 MP: 4/4
  1289 | D:2      | Reached skill level 4 in Axes
  1402 | D:3      | Reached *** piety under Lugonu
  1482 | D:3      | Reached XP level 5. HP: 42/47 MP: 5/5
  1519 | D:3      | Noticed a black bear
  1531 | D:3      | Killed a black bear
  1531 | D:3      | Reached skill level 5 in Fighting
  1531 | D:3      | Reached skill level 5 in Axes
  1593 | D:3      | Reached XP level 6. HP: 53/56 MP: 6/6
  1793 | D:4      | Noticed Duvessa
  1795 | D:4      | Noticed Dowan
  1804 | D:4      | Killed Dowan
  1804 | D:4      | Reached skill level 6 in Axes
  1820 | D:4      | HP: 1/56 [Duvessa/+0 short sword (3)]
  1822 | D:4      | Succumbed to Dowan's poison

Skill      XL: |  1  2  3  4  5  6 |
---------------+-------------------+-----
Invocations    | 2 |  2.4
Fighting       | 4 5 |  5.0
Axes           | 3 4 5 6 |  6.2
Armour         | 3 4 |  4.0
Dodging        | |  1.1

Action                   |  1- 3 |  4- 6 || total
-------------------------+-------+-------++-------
Melee: Hand axe          |   106 |   144 ||   250
       Headbutt          |    16 |    21 ||    37
Invok: Depart the Abyss  |     1 |       ||     1
       Bend Space        |       |     1 ||     1
  Use: Scroll            |       |     1 ||     1
  Eat: Chunk             |       |     2 ||     2
       Ration            |       |     1 ||     1
Armor: Plate armour      |   111 |   121 ||   232
Dodge: Dodged            |    39 |    61 ||   100
